 Dungeon Crawl Stone Soup version 0.21-a0-19-g210df22 (webtiles) character file.

181 Finntroll the Skirmisher (level 5, -1/41 HPs)
             Began as a Human Berserker on May 25, 2017.
             Was a Priest of Trog.
             Slain by a scorpion (4 damage)
             ... on level 4 of the Dungeon.
             The game lasted 00:32:50 (2596 turns).

Finntroll the Skirmisher (Human Berserker)          Turns: 2596, Time: 00:32:50

Health: -1/41      AC:  8    Str: 19    XL:     5   Next: 92%
Magic:  4/4        EV:  3    Int:  7    God:    Trog [***...]
Gold:   121        SH: 12    Dex: 12    Spells: 4/4 levels left

rFire    + . .     SeeInvis .   n - +0 long sword
rCold    + . .     Gourm    .   s - +0 large shield
rNeg     . . .     Faith    .   x - +0 chain mail
rPois    +         Spirit   .   (no helmet)
rElec    +         Reflect  .   (no cloak)
rCorr    +         Harm     .   (no gloves)
MR       .....                  (no boots)
Stlth    ..........             l - amulet of magic regeneration
Regen    0.2/turn               (no ring)
MPRegen  0.2/turn               (no ring)

@: lethally poisoned (-1 -> -7), resistant
A: low mp 1, mutation resistance 1
a: Berserk, Trog's Hand, Burn Spellbooks, Renounce Religion


You were on level 4 of the Dungeon.
You worshipped Trog.
Trog was most pleased with you.
You were not hungry.

You visited 1 branch of the dungeon, and saw 4 of its levels.

You collected 121 gold pieces.

Inventory:

Hand Weapons
 a - a +0 hand axe
 f - a +0 hunting sling
 h - a +0 whip
 k - a +0 short sword
 n - a +0 long sword (weapon)
 u - a +0 trident
 B - a +1 mace of protection
Missiles
 o - 40 stones (quivered)
 t - 22 sling bullets
 z - 45 arrows
Armour
 b - a +0 animal skin
 j - a +0 naga barding
 r - a +0 ring mail
 s - a +0 large shield (worn)
 w - a +0 ring mail
 x - a +0 chain mail (worn)
 A - a scarf of resistance
Jewellery
 l - an amulet of magic regeneration (around neck)
Scrolls
 d - a scroll of noise {unknown}
 e - a scroll of fog
 g - a scroll of enchant weapon {unknown}
 p - a scroll of identify
 y - a scroll of teleportation {unknown}
Potions
 i - 2 potions of curing {unknown}
 m - a potion of lignification {unknown}
Comestibles
 c - a bread ration
 q - 2 meat rations


   Skills:
 + Level 3.5 Fighting
 + Level 1.4 Short Blades
 + Level 3.5(3.8) Axes
 + Level 2.0(3.1) Polearms
 + Level 0.4 Slings
 + Level 2.4 Armour
 + Level 2.6 Dodging
 + Level 0.9 Stealth
 + Level 1.5 Shields


You had 4 spell levels left.
You didn't know any spells.

Dungeon Overview and Level Annotations

Branches:
Dungeon (4/15)
 Temple: D:4-7

Altars:


Innate Abilities, Weirdness & Mutations

Your magical capacity is low. (-10% MP)
You are somewhat resistant to further mutation.


Message History

Your shield and chain mail prevent you from hitting the scorpion.
The scorpion is moderately wounded.
You feel sick. The scorpion stings you.
* * * LOW HITPOINT WARNING * * *
Your shield and chain mail prevent you from hitting the scorpion.
The scorpion is moderately wounded.
* * * LOW HITPOINT WARNING * * *
You feel sick. You block the scorpion's attack.
The scorpion stings you but does no damage.
You hit the scorpion.
The scorpion is moderately wounded.
You feel sick. You block the scorpion's attack. The scorpion stings you.
* * * LOW HITPOINT WARNING * * *
* * * LOW HITPOINT WARNING * * *
You feel sick.
It was a potion of resistance.
You feel protected.
* * * LOW HITPOINT WARNING * * *
You feel sick. The scorpion stings you.
You die...

#.#
#.# #
#.# .#
#.# .#
#.# ..
#.##.#
#<...#
#.#..#
#@# .#
#s# ..
#.# ##
#.#
#.#
#.#
..#
.(.
###


You could see a scorpion.

Vanquished Creatures
  2 orc wizards (D:3)
  Natasha (D:2)
  2 adders (D:2)
  A worm (D:3)
  4 dart slugs (D:1)
  4 leopard geckos
  4 orcs (D:3)
  4 giant cockroaches
  4 goblins
  8 hobgoblins
  5 jackals
  A quokka (D:3)
  8 bats
  3 frilled lizards
  10 kobolds
  6 rats
67 creatures vanquished.

Notes
Turn   | Place    | Note
-------+----------+-------------------------------------------
     0 | D:1      | Finntroll the Human Berserker began the quest for the Orb.
     0 | D:1      | Reached XP level 1. HP: 18/18 MP: 1/1
    70 | D:1      | Reached XP level 2. HP: 11/24 MP: 2/2
   476 | D:1      | Reached XP level 3. HP: 16/29 MP: 3/3
   769 | D:1      | Reached ** piety under Trog
   897 | D:2      | Reached skill level 1 in Short Blades
  1107 | D:2      | Reached XP level 4. HP: 34/35 MP: 4/4
  1211 | D:2      | Gained mutation: Your magical capacity is low. (-10% MP) [potion of mutation]
  1211 | D:2      | Gained mutation: You are somewhat resistant to further mutation. [potion of mutation]
  1724 | D:3      | Noticed Natasha
  1738 | D:2      | Killed Natasha
  1738 | D:2      | Reached skill level 1 in Shields
  1738 | D:2      | Reached XP level 5. HP: 27/41 MP: 4/4
  1783 | D:3      | Reached skill level 1 in Polearms
  2280 | D:3      | Reached *** piety under Trog
  2596 | D:4      | Slain by a scorpion

Vault maps used:
D:1:      kennysheep_arrival_forest
D:3:      uniq_natasha
D:4:      gammafunk_temple_overflow_statue, uniq_menkaure

Skill      XL: |  1  2  3  4  5 |
---------------+----------------+-----
Short Blades   | 1 |  1.4
Shields        | 1 |  1.5
Polearms       | 2 |  2.0
Fighting       | |  3.5
Axes           | |  3.5
Slings         | |  0.4
Armour         | |  2.4
Dodging        | |  2.6
Stealth        | |  0.9

Action                   |  1- 3 |  4- 6 || total
-------------------------+-------+-------++-------
Melee: Hand axe          |    43 |       ||    43
       Short sword       |    76 |     4 ||    80
       Trident           |       |   102 ||   102
       Long sword        |       |    33 ||    33
 Fire: Hunting sling     |     7 |    12 ||    19
  Use: Potion            |       |     4 ||     4
       Scroll            |       |     3 ||     3
  Eat: Chunk             |     1 |       ||     1
       Meat ration       |       |     1 ||     1
Armor: Animal skin       |    46 |       ||    46
       Ring mail         |     2 |    34 ||    36
       Chain mail        |       |     4 ||     4
Dodge: Dodged            |   120 |    26 ||   146
Block: Large shield      |     2 |    98 ||   100
       Rpst.: Long sword |       |     2 ||     2
